AoeStats
← Fulpixsicarius

Arena

509936608Analyzed
4v4 RM · 4d ago on Sep 28, 2026· 47m 4s· 8 players
Game mode
Random Map
Map size
Large (8 player)
Population
200
Speed
Normal
Resources
Standard
Victory
Conquest
Starting age
Dark Age
Ending age
Imperial Age
RankedLock teamsTeams togetherTeam positionsShared explorationLock speedFull tech treeHidden civsTurbo modeCheats
Victory
Defeat
🇹🇷 Magyars · Türkiye
784
+13
🇮🇳 Malay · India
690
+17
🇲🇽 Saxons · Mexico
683
+17
🇦🇷 Bengalis · Argentina
673
+17
🇳🇱 Burgundians · Netherlands
733
-16
🇪🇸 Dravidians · Spain
719
-17
🇪🇸 Celts · Spain
705
-16
🇹🇷 Teutons · Türkiye
676
-15
ALVICEN
0:27 Loom
10:40 Feudal Age
12:03 Wheelbarrow
11:18 Double-Bit Axe
11:17 Horse Collar
11:24 Town Watch
18:55 Castle Age
19:51 Hand Cart
19:52 Bow Saw
19:46 Heavy Plow
19:40 Stone Mining
19:50 Gold Mining
24:44 Caravan
29:03 Pikeman
azzyagibasan
3:00 Loom
12:53 Feudal Age
13:29 Double-Bit Axe
13:26 Horse Collar
14:23 Wheelbarrow
13:13 Man-at-Arms
17:29 Stone Mining
17:33 Gold Mining
18:12 Arson
24:01 Castle Age
22:59 Scale Mail Armor
23:10 Forging
24:45 Scale Barding Armor
24:05 Long Swordsman
24:36 Gambesons
24:13 Pikeman
25:23 Hand Cart
26:36 Chain Mail Armor
27:32 Squires
28:44 Bow Saw
28:37 Heavy Plow
31:47 Iron Casting
39:35 Imperial Age
40:07 Elite Teutonic Knight
41:28 Plate Mail Armor
42:53 Conscription
45:45 Ironclad
46:39 Two-Man Saw
46:12 Crop Rotation
Fulpixsicarius
5:41 Double-Bit Axe
6:04 Loom
8:50 Wheelbarrow
9:45 Horse Collar
13:40 Feudal Age
14:29 Heavy Plow
15:00 Bow Saw
15:13 Gold Mining
16:44 Scale Barding Armor
17:19 Forging
18:49 Gold Shaft Mining
22:14 Castle Age
20:09 Stone Mining
21:51 Stone Shaft Mining
22:15 Cavalier
24:14 Husbandry
25:53 Light Cavalry
28:30 Hand Cart
29:32 Two-Man Saw
33:44 Town Watch
40:38 Burgundian Vineyards
44:32 Scale Mail Armor
44:54 Chain Barding Armor
49:16 Imperial Age
spreweel
2:17 Loom
11:59 Feudal Age
13:48 Wheelbarrow
12:56 Horse Collar
13:04 Double-Bit Axe
14:27 Gold Mining
16:28 Stone Mining
22:15 Castle Age
22:38 Scale Mail Armor
22:48 Forging
23:57 Bow Saw
24:05 Hand Cart
23:36 Town Watch
23:54 Heavy Plow
24:19 Caravan
25:05 Stone Shaft Mining
25:09 Gold Shaft Mining
25:00 Fletching
28:10 Chain Mail Armor
30:54 Iron Casting
33:36 Pikeman
34:49 Stronghold
38:13 Imperial Age
36:55 Masonry
36:56 Fortified Wall
39:02 Murder Holes
38:31 Capped Ram
39:51 Hoardings
38:39 Halberdier
38:49 Halberdier
40:03 Plate Mail Armor
40:34 Blast Furnace
39:29 Bodkin Arrow
41:03 Conscription
40:06 Siege Ram
43:57 Elite Woad Raider
pjanic1520
11:26 Feudal Age
12:07 Town Watch
16:55 Loom
19:18 Castle Age
28:29 Double-Bit Axe
28:26 Horse Collar
37:37 Wheelbarrow
37:17 Forging
37:08 Scale Mail Armor
38:01 Gold Mining
38:04 Stone Mining
41:46 Imperial Age
41:01 Heavy Plow
41:14 Bow Saw
42:48 Capped Ram
42:53 Elite Hearth Troop
42:56 Shield Wall
43:08 Elite Varangian Guard
45:00 Siege Ram
45:47 Squires
46:44 Iron Casting
47:31 Scale Mail Armor
47:24 Fletching
ryioze
13:30 Feudal Age
17:17 Castle Age
15:55 Stone Mining
19:56 Double-Bit Axe
20:13 Horse Collar
22:00 Bow Saw
26:26 Gold Mining
27:11 Heavy Plow
27:38 Loom
28:32 Gold Shaft Mining
29:25 Husbandry
29:35 Bloodlines
30:09 Corvinian Army
30:39 Fletching
30:50 Padded Archer Armor
30:56 Scale Barding Armor
31:49 Bodkin Arrow
32:15 Thumb Ring
36:25 Imperial Age
34:52 Wheelbarrow
34:35 Leather Archer Armor
34:43 Ballistics
34:03 Treadmill Crane
35:29 Chain Barding Armor
35:21 Town Watch
36:28 Elite Magyar Huszar
37:28 Recurve Bow
37:17 Heavy Cavalry Archer
40:19 Plate Barding Armor
41:33 Chemistry
42:16 Ring Archer Armor
43:52 Parthian Tactics
44:21 Bracer
45:24 Two-Man Saw
46:11 Hand Cart
S1lent
12:31 Feudal Age
22:07 Castle Age
23:34 Husbandry
26:43 Scale Barding Armor
26:49 Forging
29:06 Double-Bit Axe
29:15 Gold Mining
29:18 Stone Mining
30:23 Iron Casting
31:35 Bow Saw
32:06 Gold Shaft Mining
35:49 Imperial Age
36:00 Conscription
39:55 Elite Battle Elephant
41:40 Blast Furnace
41:54 Caravan
orteguitafc
3:32 Loom
11:40 Feudal Age
12:31 Double-Bit Axe
19:30 Castle Age
18:04 Stone Mining
32:22 Careening
32:27 Fortified Wall
32:16 Murder Holes
32:12 Pikeman
35:26 Horse Collar
38:37 Imperial Age
40:29 Husbandry
40:41 Bloodlines
41:40 Wheelbarrow
40:50 Town Watch
Connection lost

Rejoining the realm…

Still unreachable

The connection could not be restored.

Session expired

The server has moved on; the page needs a fresh start.